 Dungeon Crawl Stone Soup version 0.16-a0-3521-gb1b4986 (webtiles) character file.

335 Pikaro the Conjurer (level 6, -3/36 HPs)
             Began as an Octopode Conjurer on Jan 7, 2015.
             Slain by Menkaure (11 damage)
             ... on level 4 of the Dungeon.
             The game lasted 00:09:32 (5803 turns).

Pikaro the Conjurer (Octopode Conjurer)             Turns: 5803, Time: 00:09:32

Health: -3/36      AC:  1    Str:  8    XL:     6   Next: 53%
Magic:  4/10       EV: 12    Int: 19    God:
Gold:   180        SH:  0    Dex: 12    Spells: 2 memorised, 4 levels left

rFire  . . .     SeeInvis .     (no weapon)
rCold  . . .     Clarity  .     (no shield)
rNeg   . . .     SustAb   .     (helmet restricted)
rPois  .         Gourm    .     (no amulet)
rElec  .         Spirit   .     (no ring)
rCorr  .         Warding  .     (no ring)
rMut   .         Stasis   .     (no ring)
MR     .....                    (no ring)
Stlth  +++.......               (no ring)
                                (no ring)
                                (no ring)
                                (no ring)

@: not resistant to hostile enchantments, fairly stealthy
A: almost no armour, amphibious, 8 rings, constrict 8, camouflage 1, gelatinous
body 1
a: no special abilities


You were on level 4 of the Dungeon.
You were not hungry.

You visited 1 branch of the dungeon, and saw 4 of its levels.

You collected 180 gold pieces.

Inventory:

Magical staves
 l - an uncursed staff of wizardry {wiz+, !a}
   (You found it on level 4 of the Dungeon)
Scrolls
 a - 2 scrolls of immolation {unknown}
 d - a scroll of enchant weapon {unknown}
 e - a scroll of noise {unknown}
 g - a scroll of amnesia {unknown}
 i - 4 scrolls of teleportation
 k - a scroll of recharging {unknown}
 m - a scroll of magic mapping {unknown}
Potions
 h - a potion of brilliance
 o - a potion of berserk rage {unknown}
 p - a potion of restore abilities
 q - a potion of haste
 s - a potion of cancellation
Books
 c - a book of Conjurations
Comestibles
 b - 2 bread rations {@e1}
 j - 6 fruits
 n - 2 meat rations {@e2}
 r - a beef jerky
 t - 4 chunks of flesh {@w0}


   Skills:
 - Level 2.0 Dodging
 - Level 2.6 Stealth
 - Level 2.0 Spellcasting
 + Level 7.6 Conjurations


You had 4 spell levels left.
You knew the following spells:

 Your Spells              Type           Power        Failure   Level  Hunger
a - Magic Dart            Conj           ####         1%          1    #......
b - Iskenderun's Mystic   Conj           ####....     10%         4    #####..


Dungeon Overview and Level Annotations

Branches:
Dungeon (4/15)
 Temple: D:4-7

Altars:

Annotations:
D:2 exclusion: Sigmund, Ijyb, Sigmund
D:4 Menkaure


Innate Abilities, Weirdness & Mutations

You cannot wear most types of armour.
You are amphibious.
You can wear up to eight rings at the same time.
You can use your tentacles to constrict many enemies at once.
Your skin changes colour to match your surroundings (Stealth).
Your rubbery body absorbs attacks (AC +1).


Message History

You constrict the orc wizard. The orc wizard hits you with a dagger.
The orc wizard closely misses you.
You take 3 damage, and have 31/36 hp.
Spoiler Alert: The orc wizard might cast Slow, Confuse, Throw Flame, Throw Frost, or go Invisible!
You barely miss the orc wizard. You constrict the orc wizard.
The orc wizard closely misses you.
The magic dart hits the orc wizard.
You constrict the orc wizard.
You kill the orc wizard! a dagger; a robe; an orc corpse You butcher the orc corpse.
t - 3 chunks of flesh {@w0}; a dagger; a robe Eating one of 3 chunks of flesh {@w0}.
You continue eating. x2
You start resting.
You regained 2 hp, and now have 34/36 hp.
You regained 2 mp, and now have 3/10 mp.
Total turns waited: 12 You tentacle-slap the orc.
Your grab misses the orc. The orc hits you with a hand axe.
You take 5 damage, and have 29/36 hp.
You barely miss the orc. You grab the orc. You constrict the orc.
The orc hits you with a hand axe.
You take 1 damage, and have 28/36 hp.
You tentacle-slap the orc but do no damage.
You constrict the orc. The orc completely misses you.
You tentacle-slap the orc. You squeeze the orc.
You kill the orc! a hand axe; a leather armour; an orc corpse You butcher the orc corpse.
t - 4 chunks of flesh {@w0} (gained 2); a hand axe; a leather armour You start resting.
Menkaure, Prince of Dust comes into view.
Spoiler Alert: Menkaure (wandering) can cast Torment!
Total turns waited: 3 Spoiler Alert: Menkaure (wandering) can cast Torment!
Spoiler Alert: Menkaure can cast Torment!
Menkaure gestures at you while chanting.
Pain shoots through your body! a dagger; a robe You take 9 damage, and have 20/36 hp.
MASSIVE DAMAGE!!
You start resting.
Spoiler Alert: The orc wizard (wandering) might cast Slow, Confuse, Throw Flame, Throw Frost, or go Invisible!
Total turns waited: 3 Spoiler Alert: The orc wizard (wandering) might cast Slow, Confuse, Throw Flame, Throw Frost, or go Invisible!
Spoiler Alert: The orc wizard might cast Slow, Confuse, Throw Flame, Throw Frost, or go Invisible!
The orc wizard gestures at you while chanting.
The magic dart hits you!
You take 8 damage, and have 14/36 hp.
MASSIVE DAMAGE!!
The orc wizard hits you but does no damage.
You tentacle-slap the orc wizard. You grab the orc wizard.
You constrict the orc wizard, but do no damage.
The orc wizard hits you but does no damage.
Spoiler Alert: The orc wizard might cast Slow, Confuse, Throw Flame, Throw Frost, or go Invisible!
You tentacle-slap the orc wizard but do no damage.
You constrict the orc wizard, but do no damage.
The orc wizard hits you but does no damage.
You tentacle-slap the orc wizard but do no damage.
You constrict the orc wizard.
The orc wizard mumbles some strange words.
The orc wizard seems to speed up.
Spoiler Alert: The orc wizard might cast Slow, Confuse, Throw Flame, Throw Frost, or go Invisible!
You tentacle-slap the orc wizard but do no damage.
You constrict the orc wizard.
The orc wizard points at you and mumbles some strange words.
The magic dart hits you!
* * * LOW HITPOINT WARNING * * *
The orc wizard closely misses you.
You take 8 damage, and have 6/36 hp.
MASSIVE DAMAGE!!
Warning x2: The orc wizard might cast Slow, Confuse, Throw Flame, Throw Frost, or go Invisible!
Menkaure can cast Torment!
The magic dart hits the orc wizard.
You constrict the orc wizard. The orc wizard closely misses you.
The magic dart hits the orc wizard.
You constrict the orc wizard. The orc wizard hits you with a dagger.
* * * LOW HITPOINT WARNING * * *
Menkaure gestures wildly while chanting.
Menkaure seems to speed up.
The orc wizard hits you with a dagger.
* * * LOW HITPOINT WARNING * * *
You take 5 damage, and have 1/36 hp.
You now have 6/10 mp.
Warning x2: The orc wizard might cast Slow, Confuse, Throw Flame, Throw Frost, or go Invisible!
Menkaure can cast Torment!
Drink which item? (? for menu, Esc to quit)
You feel much better.
You constrict the orc wizard.
The orc wizard gestures at you while chanting.
The magic dart hits you!
* * * LOW HITPOINT WARNING * * *
You regained 8 hp, and now have 9/36 hp.
Warning x2: The orc wizard might cast Slow, Confuse, Throw Flame, Throw Frost, or go Invisible!
Menkaure can cast Torment!
The magic dart hits the orc wizard.
You constrict the orc wizard. The orc wizard hits you with a dagger.
* * * LOW HITPOINT WARNING * * *
The orc wizard misses you.
You take 1 damage, and have 8/36 hp.
You now have 5/10 mp.
The magic dart hits the orc wizard.
You kill the orc wizard!
You now have 4/10 mp.
Spoiler Alert: Menkaure can cast Torment!
Menkaure hits you!
You die...

######...M....#####..( #
#......####).....).... ...
#.#.)..)....####..#... ....
#.###########..#.... .....
##.# ##....#.....
....).(###o.# #..####...##
...........########...........
.....................#........
.....######.@M.###........##.
##.. ##...)........##..#.. #†
.............##.....#.# #
#.................#...#
#...................###
#.........####....###
.........###.....#
#....#...........#
....###.......#.#


You could see Menkaure.

Vanquished Creatures
  An ogre (D:4)
  An orc priest (D:4)
  2 orc wizards (D:4)
  Jessica (D:2)
  4 gnolls (D:2)
  3 adders
  A worm (D:2)
  4 giant geckos
  An ooze (D:2)
  2 orcs (D:4)
  4 giant cockroaches
  9 hobgoblins
  3 quokkas
  2 ball pythons
  8 bats
  7 giant newts
  4 goblins
  11 jackals
  12 kobolds
  11 rats
91 creatures vanquished.

Notes
Turn   | Place    | Note
--------------------------------------------------------------
     0 | D:1      | Pikaro, the Octopode Conjurer, began the quest for the Orb.
     0 | D:1      | Reached XP level 1. HP: 11/11 MP: 3/3
   194 | D:1      | Reached XP level 2. HP: 15/17 MP: 0/4
   760 | D:1      | Reached XP level 3. HP: 21/21 MP: 1/6
   845 | D:1      | Reached skill level 5 in Conjurations
  2550 | D:2      | Noticed Jessica
  2558 | D:2      | Killed Jessica
  2558 | D:2      | Reached XP level 4. HP: 18/27 MP: 2/7
  2856 | D:2      | Noticed Ijyb
  2911 | D:2      | Noticed Sigmund
  3216 | D:2      | Reached skill level 6 in Conjurations
  3523 | D:2      | Reached XP level 5. HP: 31/31 MP: 1/9
  5497 | D:4      | Noticed an ogre
  5502 | D:4      | Killed an ogre
  5502 | D:4      | Reached skill level 7 in Conjurations
  5502 | D:4      | Reached XP level 6. HP: 36/36 MP: 4/10
  5600 | D:4      | Learned a level 4 spell: Iskenderun's Mystic Blast
  5733 | D:4      | HP: 9/36 [orc wizard/magic dart (10)]
  5768 | D:4      | Noticed Menkaure
  5796 | D:4      | HP: 6/36 [orc wizard/magic dart (9)]
  5798 | D:4      | HP: 1/36 [orc wizard/dagger (3)]
  5803 | D:4      | Slain by Menkaure

Action                   |  1- 3 |  4- 6 || total
-------------------------+-------+-------++-------
Melee: Unarmed           |    20 |    34 ||    54
 Cast: Magic Dart        |    62 |   108 ||   170
       Iskenderun's Myst |       |     1 ||     1
  Use: Scroll            |       |     7 ||     7
       Potion            |       |     2 ||     2
 Stab: Sleeping          |       |     1 ||     1
  Eat: Chunk             |     4 |    12 ||    16
       Beef jerky        |     1 |       ||     1

Vault maps used:
D:1:      mrwooster_arrival_arrow
D:2:      uniq_iyjb, uniq_sigmund, uniq_jessica
D:4:      first_bread, nemelex_deck, uniq_grinder, uniq_edmund, uniq_menkaure

Table legend:
 A = Turns spent in this place as a percentage of turns spent in the entire game.
 B = Non-inter-level travel turns spent in this place as a percentage of non-inter-level travel turns spent in the entire game.
 C = Inter-level travel turns spent in this place as a percentage of turns spent in this place.
 D = Turns resting spent in this place as a percentage of non-inter-level travel turns spent in this place.
 E = Turns spent auto-exploring this place as a percentage of non-inter-level travel turns spent in this place.
 F = Non-inter-level travel turns spent in this place divided by the number of levels of this place that you've seen.
                   A       B       C       D       E      F
               +-------+-------+-------+-------+-------+----------------------
         Total | 100.0 | 100.0 |   0.3 |  21.0 |  15.0 | 187.2
       Dungeon | 100.0 | 100.0 |   0.3 |  21.0 |  15.0 | 187.2
               +-------+-------+-------+-------+-------+----------------------

Table legend:
 A = Kills in this place as a percentage of kills in entire the game.
 B = Kills by you in this place as a percentage of kills by you in the entire game.
 C = Kills by friends in this place as a percentage of kills by friends in the entire game.
 D = Other kills in this place as a percentage of other kills in the entire game.
 E = Experience gained in this place as a percentage of experience gained in the entire game.
 F = Experience gained in this place divided by the number of levels of this place that you have seen.
                   A       B       C       D       E      F
               +-------+-------+-------+-------+-------+----------------------
         Total | 100.0 | 100.0 |  -nan |  -nan | 100.0 | 119.8
       Dungeon | 100.0 | 100.0 |  -nan |  -nan | 100.0 | 119.8
               +-------+-------+-------+-------+-------+----------------------
